 Seeded DCSS version 0.29-a0-1023-g6ae1a4a2c7 (webtiles) character file.

Game seed: 10239386294149111189 (custom seed)

69941 bwicke the Basher (level 14, -3/119 HPs)
             Began as a Demonspawn Gladiator on Aug 11, 2022.
             Was a High Priest of Wu Jian.
             Slain by a golden dragon simulacrum (15 damage)
             ... in an ice cave.
             The game lasted 01:36:25 (19391 turns).

bwicke the Basher (Demonspawn Gladiator)           Turns: 19391, Time: 01:36:26

Health: -3/119     AC: 19    Str: 20    XL:     14   Next: 92%
Magic:  0/23       EV: 16    Int:  9    God:    Wu Jian [*****.]
Gold:   2822       SH:  0    Dex: 19    Spells: 13/13 levels left

rFire   + . .      SeeInvis .   o - +8 mace of Joiv {pain, *Rage rElec rCorr MP+9}
rCold   + + .      Faith    .   (no shield)
rNeg    . . .      Spirit   +   a - +0 swamp dragon scales
rPois   +          Reflect  .   c - +1 helmet
rElec   +          Harm     .   w - +1 cloak
rCorr   +          Rampage  .   (gloves unavailable)
Will    +....      Rage     20% W - +1 pair of boots
Stlth   +.........              R - amulet of guardian spirit
HPRegen 0.29/turn               z - ring "Busoumao" {rF+ rC++ Dex+4}
MPRegen 0.18/turn               y - +4 ring of slaying

@: exhausted, on berserk cooldown, slowed, very slow
A: claws 3, yellow scales 2, ignite blood 1, powered by death 2, sturdy frame 1,
noise suppression
a: Renounce Religion, Wall Jump, Serpent's Lash, Heavenly Storm


You were in an ice cave.
You worshipped Wu Jian.
Wu Jian was extremely pleased with you.
You visited 3 branches of the dungeon, and saw 20 of its levels.
You also visited: Ossuary, Bailey, Gauntlet and Ice Cave.

You collected 3583 gold pieces.
You spent 761 gold pieces at shops.

Inventory:

Hand Weapons
 e - a +3 longbow of flaming
 o - the +8 mace of Joiv (weapon) {pain, *Rage rElec rCorr MP+9}
   (You found it on level 2 of the Dungeon)

   In the hands of one skilled in necromantic magic, it inflicts extra damage on
   living creatures.
   rElec:     It insulates you from electricity.
   MP:        It affects your magic capacity (+9).
   *Rage:     It berserks you when you make melee attacks (+20% chance).
   rCorr:     It protects you from acid and corrosion.
 r - the +11 spear of Podasuasyu {vamp, rN+}
   (You found it on level 2 of the Dungeon)

   It occasionally heals its wielder for a portion of the damage dealt when it
   wounds a living foe.
   rN:        It protects you from negative energy.
 v - a +3 antimagic whip
 H - the +6 short sword "Uczob" {elec, Fragile Fly Int+5}
   (You found it in a Gauntlet)

   It occasionally discharges a powerful burst of electricity upon striking a
   foe.
   Int:       It affects your intelligence (+5).
   Fly:       It grants you flight.
   Fragile:   It will be destroyed if unequipped.
 L - a +3 battleaxe of freezing
 O - a +1 whip of distortion
 P - the +8 whip of Featil {vorpal, rF- Int+6}
   (You found it on level 8 of the Dungeon)

   It inflicts extra damage upon your enemies.
   Int:       It affects your intelligence (+6).
   rF:        It makes you vulnerable to fire.
 X - a +1 demon whip of draining
Missiles
 d - 5 throwing nets
 s - 7 javelins
 Y - 5 atropa-tipped darts
Armour
 a - +0 swamp dragon scales (worn)
 c - a +1 helmet (worn)
 l - a +0 leather armour of fire resistance
 w - a +1 cloak (worn)
 Q - the +0 hat "Ogyul" {Harm rPois Str-3 Stlth+}
   (You found it on level 8 of the Dungeon)

   Str:       It affects your strength (-3).
   rPois:     It protects you from poison.
   Harm:      It increases damage dealt and taken.
   Stlth:     It makes you more stealthy.
 W - a +1 pair of boots (worn)
Magical Staves
 T - a staff of death
Jewellery
 f - the ring "Kicubbep" {Wiz Will+}
   (You acquired it on level 14 of the Dungeon)

   [ring of wizardry]

   It improves your spell success rate.
   Will:      It increases your willpower.
 n - a ring of magical power
 x - a +6 ring of dexterity
 y - a +4 ring of slaying (right claw)
 z - the ring "Busoumao" (left claw) {rF+ rC++ Dex+4}
   (You found it in a Gauntlet)

   [ring of protection from fire]

   Dex:       It affects your dexterity (+4).
   rF:        It protects you from fire.
   rC:        It greatly protects you from cold.
 R - an amulet of guardian spirit (around neck)
Wands
 C - a wand of charming (25)
 J - a wand of iceblast (14)
 M - a wand of mindburst (30)
 N - a wand of acid (12)
Scrolls
 g - 4 scrolls of immolation
 k - 6 scrolls of teleportation
 p - a scroll of fog
 t - 6 scrolls of poison
 u - 3 scrolls of fear
 K - a scroll of summoning
 S - 6 scrolls of blinking
Potions
 h - a potion of mutation
 i - a potion of might
 j - 8 potions of curing
 m - 3 potions of heal wounds
 q - 2 potions of attraction
 A - 2 potions of haste
 B - a potion of magic
 D - a potion of berserk rage
 E - 8 potions of ambrosia
 F - 7 potions of flight
 G - 7 potions of brilliance
 I - a potion of resistance
 U - 3 potions of invisibility
 V - 3 potions of lignification
Miscellaneous
 b - a box of beasts
 Z - a condenser vane (inert)


   Skills:
 + Level 13.7 Fighting
 - Level 14.0 Maces & Flails
 - Level 1.7 Throwing
 - Level 8.6 Armour
 - Level 8.2 Dodging
 - Level 10.0 Necromancy
 - Level 6.0 Transmutations
 - Level 6.0 Earth Magic


You had 13 spell levels left.
You didn't know any spells.
Your spell library contained the following spells:

 Spells                   Type           Power      Damage    Failure   Level
 Necrotise                Necr           72%        1d7       1%          1
 Passwall                 Tmut/Erth      8%         N/A       6%          2
 Petrify                  Tmut/Erth      10%        N/A       38%         4
 Apportation              Tloc           0%         N/A       45%         1
 Freeze                   Ice            0%         1d3       45%         1
 Magic Dart               Conj           0%         1d3       45%         1
 Summon Small Mammal      Summ           0%         N/A       45%         1
 Call Imp                 Summ           0%         N/A       58%         2
 Ensorcelled Hibernation  Hex/Ice        0%         N/A       58%         2
 Static Discharge         Conj/Air       0%         3-3/arc   58%         2
 Blade Hands              Tmut           5%         N/A       75%         5
 Animate Armour           Summ/Erth      10%        N/A       82%         4
 Frozen Ramparts          Ice            0%         1d1       83%         3
 Gell's Gravitas          Tloc           0%         N/A       83%         3
 Lesser Beckoning         Tloc           0%         N/A       83%         3
 Mephitic Cloud           Conj/Pois/Air  0%         N/A       83%         3
 Swiftness                Air            0%         N/A       83%         3
 Teleport Other           Tloc           0%         N/A       83%         3
 Airstrike                Air            0%         2d(0-16)  99%         4
 Hailstorm                Conj/Ice       0%         3d3       99%         4
 Summon Lightning Spire   Summ/Air       0%         N/A       99%         4
 Lightning Bolt           Conj/Air       0%         1d11      100%        5
 Metabolic Englaciation   Hex/Ice        0%         N/A       100%        5
 Dispersal                Tloc           0%         N/A       100%        6
 Iron Shot                Conj/Erth      2%         9d2       100%        6
 Statue Form              Tmut/Erth      6%         N/A       100%        6
 Maxwell's Capacitive Co  Air            0%         ∞         100%        8


Dungeon Overview and Level Annotations

Branches:
Dungeon (14/15)            Temple (1/1) D:7            Lair (5/5) D:11
 Shoals (0/4) Lair:2       Spider (0/4) Lair:2        Slime (0/5) Lair:5
    Orc (0/2) D:10         Vaults (0/5) D:13        Ossuary (visited)
 Bailey (visited)           IceCv (1/1)             Gauntlet (visited)

Altars:
Ashenzari
Cheibriados
Dithmenos
Fedhas
Gozag
Hepliaklqana
Kikubaaqudgha
Makhleb
Nemelex Xobeh
Okawaru
Qazlal
Ru
Sif Muna
Trog
Uskayaw
Vehumet
Wu Jian
Xom
Yredelemnul

Shops:
D:8 ?   D:9 ?   D:10 (   D:11 (   D:13 ?

Annotations:
D:8 6 runed translucent doors
Lair:2 1 runed translucent door, FizzleBangTC's ghost, journeyman MeEE


Innate Abilities, Weirdness & Mutations

You have claws for hands.
You are mostly covered in yellow scales. (AC +3)
Your demonic aura sometimes causes spilled blood to erupt in flames.
You regenerate health from kills.
Your movements are slightly less encumbered by armour. (ER -2)
You passively dampen the noise of your surroundings.


Message History

The golden dragon simulacrum is lightly damaged.
You spin and attack the golden dragon simulacrum, with incredible momentum.
You sock the golden dragon simulacrum!
The golden dragon simulacrum is moderately damaged.
Your supernatural speed expires.
Okay, then.
Unknown command.
Okay, then.
Unknown command.
Press: ? - help, v - describe, . - travel
Here: a golden dragon simulacrum (moderately damaged)
The floor.
You spin and attack the golden dragon simulacrum.
You sock the golden dragon simulacrum!
The golden dragon simulacrum is heavily damaged.
The golden dragon simulacrum bites you.
The golden dragon simulacrum freezes you!
You resist. The golden dragon simulacrum claws you.
The golden dragon simulacrum freezes you!
You resist.
The golden dragon simulacrum tramples you but does no damage.
You spin and attack the golden dragon simulacrum.
You hit the golden dragon simulacrum but do no damage.
The golden dragon simulacrum is heavily damaged.
The golden dragon simulacrum bites you!
The golden dragon simulacrum freezes you!
You resist.
The golden dragon simulacrum closely misses you.
The golden dragon simulacrum tramples you!
* * * LOW HITPOINT WARNING * * *
You stumble backwards!
You spin and attack the golden dragon simulacrum.
You hit the golden dragon simulacrum.
The golden dragon simulacrum is heavily damaged.
The golden dragon simulacrum is engulfed in blazing flames.
The golden dragon simulacrum bites you!!
* * * LOW HITPOINT WARNING * * *
The golden dragon simulacrum freezes you!
You resist.
You die...

##.. ... ..#
#...##..# ##..
#....... #..##
#......# ##...#
#...Z. #...# #...##
##.°## #..###....##
##.§##...Z.## ##
#.☼##....@..#
.#######..###......#
..##..##...#.......#
.......###.........##
∩.......#...........#
....##....##........#
..#####..####.......#
.## #### #.......##
## ####.#.##


You could see a golden dragon simulacrum.

Vanquished Creatures
  A very ugly thing (D:14)
  A minotaur (Gauntlet)
  Nessos (Lair:3)
  Harold (Lair:2)
  4 vault guards (D:13)
  2 boulder beetles (D:13)
  A ghost crab (Gauntlet)
  6 two-headed ogres
  2 centaur warriors
  7 hydras
  3 catoblepae (Lair:5)
  11 death yaks
  A tengu warrior (D:13)
  Amaemon (Lair:2)
  Nergalle (Lair:2)
  An obsidian statue (IceCv)
  A spriggan simulacrum (IceCv)
  A necromancer (Gauntlet)
  A lindwurm (Lair:3)
  11 ugly things
  5 cyclopes
  2 slime creatures (D:13)
  2 manticores (Lair:5)
  A black mamba (Lair:4)
  A merfolk siren (Lair:2)
  2 unseen horrors (D:12)
  7 cane toads
  A minotaur zombie (Gauntlet)
  An orange demon (Lair:2)
  4 rime drakes
  2 freezing wraiths (IceCv)
  Maggie (D:6)
  2 ice devils (IceCv)
  6 komodo dragons
  6 polar bears
  3 meliai (D:13)
  2 trolls
  Prince Ribbit (D:8)
  3 hornets
  10 blink frogs
  A queen bee (D:9)
  A raiju (Gauntlet)
  A centaur simulacrum (D:14)
  2 jumping spiders
  A dire elephant simulacrum (IceCv)
  4 wraiths
  6 wyverns
  44 yaks
  5 basilisks
  3 steam dragons
  2 fire elementals (Lair:5)
  8 vampire mosquitoes
  A minotaur simulacrum (IceCv)
  4 redbacks
  3 acid dragons (D:13)
  A hydra simulacrum (IceCv)
  14 water moccasins
  An ice beast (D:5)
  4 black bears
  11 orc warriors
  2 sky beasts
  3 ogres
  An alligator simulacrum (IceCv)
  10 centaurs
  17 wolves
  A kobold brigand (D:9)
  3 elf zombies
  A necrophage (D:4)
  8 bullfrogs
  3 scorpions
  3 deep troll simulacra (IceCv)
  2 elf skeletons (D:4)
  17 wights
  28 killer bees
  2 howler monkeys
  A lava snake (Lair:5)
  A centaur zombie (Ossuary)
  3 human zombies
  5 orc priests
  3 hounds
  5 iguanas
  3 gnoll boudas
  18 orc wizards
  3 ogre zombies (Ossuary)
  7 mummies (Ossuary)
  13 gnolls
  9 adders
  2 shadow imps
  3 white imps
  4 adder zombies (Ossuary)
  3 worms
  A dart slug (D:1)
  61 orcs
  6 bats
  12 endoplasms
  5 giant cockroaches
  15 goblins
  10 hobgoblins
  3 quokkas
  7 ball pythons
  10 frilled lizards
  A goblin zombie (Ossuary)
  A hobgoblin zombie (Ossuary)
  20 kobolds
  8 kobold zombies (Ossuary)
  An orc skeleton (D:4)
  3 quokka zombies (Ossuary)
  3 rats
  5 rat zombies (Ossuary)
593 creatures vanquished.

Vanquished Creatures (others)
  21 fungi
  31 plants
52 creatures vanquished.

Grand Total: 645 creatures vanquished

Notes
Turn   | Place    | Note
-------+----------+-------------------------------------------
     0 | D:1      | bwicke the Demonspawn Gladiator began the quest for the
                  | Orb.
     0 | D:1      | Reached XP level 1. HP: 16/16 MP: 1/1
    85 | D:1      | Reached skill level 3 in Maces & Flails
   372 | D:1      | Gained mutation: You regenerate a little health from kills.
                  | [demonic ancestry]
   372 | D:1      | Reached XP level 2. HP: 22/22 MP: 2/2
  1181 | D:2      | Gained mutation: You are partially covered in yellow
                  | scales. (AC +2) [demonic ancestry]
  1181 | D:2      | Reached XP level 3. HP: 22/27 MP: 3/3
  1219 | D:2      | Reached skill level 4 in Maces & Flails
  1228 | D:2      | Identified the +8 mace of Joiv {pain, *Rage rElec rCorr
                  | MP+9}
  1449 | D:2      | Gained mutation: Your demonic aura sometimes causes spilled
                  | blood to erupt in flames. [demonic ancestry]
  1449 | D:2      | Reached XP level 4. HP: 33/33 MP: 4/4
  1626 | D:2      | Identified the +11 spear of Podasuasyu {vamp, rN+}
  1671 | D:2      | Found a faded altar of an unknown god.
  2208 | D:3      | Found an ancient bone altar of Kikubaaqudgha.
  2644 | D:3      | Reached skill level 5 in Maces & Flails
  2904 | D:4      | Reached XP level 5. HP: 32/38 MP: 5/5
  2914 | D:4      | Found a sand-covered staircase.
  2925 | D:4      | Reached skill level 6 in Maces & Flails
  2928 | Ossuary  | Entered an ossuary
  2947 | Ossuary  | Reached XP level 6. HP: 44/44 MP: 6/6
  3264 | Ossuary  | Reached skill level 7 in Maces & Flails
  3509 | Ossuary  | Gained mutation: You have sharp fingernails. [demonic
                  | ancestry]
  3509 | Ossuary  | Reached XP level 7. HP: 50/50 MP: 7/7
  3661 | D:4      | Reached skill level 8 in Maces & Flails
  3719 | D:4      | Found a sparkling altar of Nemelex Xobeh.
  3966 | D:4      | Found an opulent altar of Gozag.
  4435 | D:5      | Entered Level 5 of the Dungeon
  4441 | D:5      | Gained mutation: You regenerate health from kills. [demonic
                  | ancestry]
  4441 | D:5      | Reached XP level 8. HP: 33/56 MP: 8/8
  4922 | D:5      | Reached skill level 5 in Necromancy
  5053 | D:5      | Found a burning altar of Makhleb.
  5211 | D:6      | Noticed Maggie
  5222 | D:6      | Killed Maggie
  5233 | D:6      | Gained mutation: You are mostly covered in yellow scales.
                  | (AC +3) [demonic ancestry]
  5233 | D:6      | Reached XP level 9. HP: 61/61 MP: 9/9
  5705 | D:6      | Found a basalt altar of Yredelemnul.
  5981 | D:7      | Reached skill level 10 in Necromancy
  6163 | D:7      | Found a staircase to the Ecumenical Temple.
  6181 | Temple   | Entered the Ecumenical Temple
  6181 | Temple   | Found a transporter.
  6181 | Temple   | Found a transporter.
  6183 | Temple   | Found a transporter.
  6183 | Temple   | Found a transporter.
  6533 | D:7      | Found an ornate altar of the Wu Jian Council.
  6539 | D:7      | Became a worshipper of the Wu Jian Council
  6649 | D:7      | Found a stormy altar of Qazlal.
  6929 | D:8      | Reached skill level 5 in Fighting
  7015 | D:8      | Found a runed translucent door.
  7035 | D:8      | Noticed Prince Ribbit
  7045 | D:8      | Killed Prince Ribbit
  7319 | D:8      | Reached XP level 10. HP: 77/77 MP: 10/10
  7406 | D:8      | Found Wisof's Magic Scroll Boutique.
  7417 | D:8      | Bought a scroll of enchant armour for 105 gold pieces
  7458 | D:8      | Reached * piety under Wu Jian
  7775 | D:8      | Identified the +8 whip of Featil {vorpal, rF- Int+6}
  7793 | D:8      | Identified the +0 hat "Ogyul" {Harm rPois Str-3 Stlth+}
  7805 | D:8      | Found a runed translucent gate.
  7805 | D:8      | Found a runed translucent gate.
  7805 | D:8      | Found a runed translucent gate.
  7805 | D:8      | Found a runed translucent gate.
  7805 | D:8      | Found a runed translucent gate.
  7805 | D:8      | Noticed a boulder beetle
  7806 | D:8      | Found a runed translucent gate.
  7806 | D:8      | Noticed a lindwurm
  7806 | D:8      | Noticed a boulder beetle
  8068 | D:9      | Found Vuic's Magic Scroll Shop.
  8079 | D:9      | Bought a scroll of identify for 30 gold pieces
  8079 | D:9      | Bought a scroll of identify for 30 gold pieces
  8079 | D:9      | Bought a scroll of identify for 30 gold pieces
  8079 | D:9      | Bought a scroll of identify for 30 gold pieces
  8103 | D:9      | Noticed a centaur warrior
  8104 | D:9      | Noticed a cyclops
  8118 | D:9      | Killed a centaur warrior
  8125 | D:9      | Killed a cyclops
  8130 | D:9      | Noticed a two-headed ogre
  8134 | D:9      | Noticed a two-headed ogre
  8444 | D:9      | Killed a two-headed ogre
  8445 | D:9      | Reached skill level 10 in Fighting
  8448 | D:9      | Killed a two-headed ogre
  8486 | D:9      | Found a flagged portal.
  8498 | Bailey   | Entered a bailey
  8689 | Bailey   | Gained mutation: You have very sharp fingernails. [demonic
                  | ancestry]
  8689 | Bailey   | Reached XP level 11. HP: 56/93 MP: 11/11
  8796 | D:9      | Reached ** piety under Wu Jian
  9261 | D:9      | Reached skill level 9 in Maces & Flails
  9359 | D:10     | Entered Level 10 of the Dungeon
  9445 | D:10     | Found a staircase to the Orcish Mines.
  9454 | D:10     | Reached *** piety under Wu Jian
  9801 | D:10     | Reached skill level 10 in Maces & Flails
  9915 | D:10     | Found Liwusem's Antique Weapon Emporium.
  9940 | D:10     | Identified a scroll of acquirement
  9941 | D:10     | Acquired 872 gold pieces
 10150 | D:11     | Found a staircase to the Lair.
 10342 | Lair:1   | Entered Level 1 of the Lair of Beasts
 10517 | Lair:1   | Noticed a four-headed hydra
 10524 | Lair:1   | Killed a four-headed hydra
 10525 | Lair:1   | Reached skill level 11 in Maces & Flails
 10856 | Lair:1   | Reached **** piety under Wu Jian
 10861 | Lair:1   | Reached skill level 12 in Maces & Flails
 10929 | Lair:1   | Gained mutation: You have claws for hands. [demonic
                  | ancestry]
 10929 | Lair:1   | Reached XP level 12. HP: 102/102 MP: 12/12
 11287 | Lair:2   | Noticed Amaemon
 11294 | Lair:2   | Killed Amaemon
 11431 | Lair:2   | Noticed Harold
 11449 | Lair:2   | Killed Harold
 11450 | Lair:2   | Reached skill level 13 in Maces & Flails
 11567 | Lair:2   | Noticed Nergalle
 11575 | Lair:2   | Killed Nergalle
 11694 | Lair:2   | Found a staircase to the Shoals.
 11763 | Lair:2   | Found a runed translucent door.
 11763 | Lair:2   | Noticed FizzleBangTC's ghost (journeyman MeEE)
 11841 | Lair:2   | Gained mutation: Your movements are slightly less
                  | encumbered by armour. (ER -2) [potion of mutation]
 11841 | Lair:2   | Gained mutation: You passively dampen the noise of your
                  | surroundings. [potion of mutation]
 12009 | Lair:2   | You fall into a shaft and drop 2 floors!
 12036 | Lair:4   | Noticed a six-headed hydra
 12043 | Lair:4   | Killed a six-headed hydra
 12044 | Lair:4   | Reached skill level 14 in Maces & Flails
 12183 | Lair:4   | Noticed a death yak
 12184 | Lair:4   | Noticed a death yak
 12185 | Lair:4   | Noticed a death yak
 12196 | Lair:4   | Killed a death yak
 12196 | Lair:4   | Killed a death yak
 12198 | Lair:4   | Killed a death yak
 12199 | Lair:4   | Reached skill level 5 in Dodging
 12201 | Lair:4   | Noticed a death yak
 12208 | Lair:4   | Killed a death yak
 12652 | Lair:4   | Reached XP level 13. HP: 108/108 MP: 13/13
 13698 | Lair:3   | Reached skill level 1 in Armour
 13710 | Lair:3   | Noticed Nessos
 13723 | Lair:3   | Killed Nessos
 14422 | Lair:2   | Reached ***** piety under Wu Jian
 14432 | Lair:2   | Found a hole to the Spider Nest.
 14679 | Lair:5   | Entered Level 5 of the Lair of Beasts
 14696 | Lair:5   | Reached skill level 5 in Armour
 14952 | Lair:5   | Found a staircase to the Slime Pits.
 15738 | Lair:5   | Reached skill level 1 in Transmutations
 15738 | Lair:5   | Reached skill level 1 in Earth Magic
 16350 | D:11     | Found Riczu's Weapon Shop.
 16632 | D:8      | Bought a scroll of identify for 28 gold pieces
 16632 | D:8      | Bought a scroll of identify for 28 gold pieces
 16632 | D:8      | Bought 2 scrolls of blinking for 210 gold pieces
 16632 | D:8      | Bought a scroll of poison for 56 gold pieces
 16748 | D:12     | Reached XP level 14. HP: 110/115 MP: 14/14
 17540 | D:13     | Found Qyippoul's Magic Scroll Shop.
 17552 | D:13     | Bought a scroll of identify for 26 gold pieces
 17552 | D:13     | Bought a scroll of teleportation for 39 gold pieces
 17552 | D:13     | Bought a scroll of blinking for 97 gold pieces
 17552 | D:13     | Bought a scroll of identify for 26 gold pieces
 17554 | D:13     | Bought a scroll of identify for 26 gold pieces
 17597 | D:13     | Found a gate to the Vaults.
 17661 | D:13     | Reached skill level 5 in Transmutations
 17661 | D:13     | Reached skill level 5 in Earth Magic
 17707 | D:13     | Found a gate leading to a gauntlet.
 17717 | Gauntlet | Entered a Gauntlet
 17717 | Gauntlet | Found a transporter.
 17717 | Gauntlet | Found a transporter.
 17729 | Gauntlet | Found a transporter.
 17733 | Gauntlet | Found a transporter.
 17737 | Gauntlet | Found a runed translucent door.
 17739 | Gauntlet | Found a runed translucent door.
 17743 | Gauntlet | Found a transporter.
 17747 | Gauntlet | Found a transporter.
 17758 | Gauntlet | Found a transporter.
 17777 | Gauntlet | Found a transporter.
 17782 | Gauntlet | Found a transporter.
 17797 | Gauntlet | Found a transporter.
 17799 | Gauntlet | Found a runed translucent gate.
 17799 | Gauntlet | Found a runed translucent gate.
 17799 | Gauntlet | Found a runed translucent gate.
 17810 | Gauntlet | Found a transporter.
 17814 | Gauntlet | Found a transporter.
 17909 | Gauntlet | Identified the +6 short sword "Uczob" {elec, Fragile Fly
                  | Int+5}
 17921 | Gauntlet | Identified the ring "Busoumao" {rF+ rC++ Dex+4}
 18892 | D:14     | Acquired the ring "Kicubbep" {Wiz Will+}
 18967 | D:14     | Noticed a white very ugly thing
 18968 | D:14     | Found a frozen archway.
 18980 | D:14     | Killed a green very ugly thing
 19028 | IceCv    | Entered an ice cave
 19391 | IceCv    | Slain by a golden dragon simulacrum

Illustrated notes

Levels and vault maps discovered:
D:1:      lemuel_arrival_rhombus, layout_loops_ring,
          nicolae_concentric_dashed_squares_mild, grunt_decor_junction,
          minmay_lizard_pond
D:2:      layout_basic, dreamdust_ecumenical_altar_grove,
          grunt_decor_mini_mirrors, minmay_ruptured
D:3:      layout_loops_ring, mainiacjoe_overflow_chevrons,
          minmay_misc_feat_diagonals, grunt_ministairs_13
D:4:      layout_basic, lemuel_round_altar, general_overflow_altar,
          nicolae_ossuary_entry_catacombs
D:5:      layout_cave_pods, nicolae_overflow_crystal_walls,
          ebering_ghost_disaster_area, nicolae_figureground_pulse
D:6:      layout_loops_ring, overflow_temple_1_default, bh_walls_and_bars,
          uniq_maggie
D:7:      layout_loops_ring, marbit_many_paths, nzn_wu_jian_contemplation,
          mainiacjoe_overflow_tiny_flanked, minmay_temple_entry_junction,
          minmay_strange_pillars
D:8:      gammafunk_indiana_jones, layout_loops_cross,
          mainiacjoe_overflow_catwalk, serial_shops,
          nicolae_shop_window_shopping, uniq_prince_ribbit1
D:9:      minmay_general_purpose_star, layout_gridville, enter_bailey_3,
          special_room [special_room_bee], serial_shops, nicolae_shop_stone,
          minmay_checkerbox
D:10:     layout_loops_ring, hiddenorc2_lemuel, serial_shops, shop
D:11:     layout_cave_pools, david_lair_shrubbed, serial_shops,
          nicolae_shop_bloodbath_and_beyond
D:12:     layout_irregular_city
D:13:     layout_big_octagon, lightli_vaults_fourway_checkpoint, serial_shops,
          nicolae_shop_competitors_out_of_business, gauntlet_entry_generic,
          minivault_16, minmay_puff
D:14:     wad_mega_maze, layout_basic, serial_shops, nicolae_shop_trees,
          serial_ice, serial_ice_e, serial_ice_c, serial_ice_o, serial_ice_j,
          portal_ice_cave_entry_ugly_swarm
Temple:   hellmonk_temple_divided_pantheon
Lair:1:   layout_cave_pods
Lair:2:   layout_regular_city, minmay_shoals_entry_lonely_mermaid,
          spider_nest_entry_funnel_web, ebering_ghost_inner_flame,
          minmay_hedge_maze, uniq_harold, uniq_amaemon, uniq_nergalle
Lair:3:   beast_lair_carwin_large_2, layout_long_grid, grunt_megastairs_2,
          uniq_nessos
Lair:4:   layout_loops_ring, chequers_serial_rivers_marsh, grunt_megastairs_5
Lair:5:   evilmike_catoblepas_cave, layout_gridlike, dpeg_slime_entry_enclosed
IceCv:    ice_cave_small_demon

Skill      XL: |  1  2  3  4  5  6  7  8  9 10 11 12 13 14 |
---------------+-------------------------------------------+-----
Maces & Flails | 3 4 5 6 7 8 12 14 | 14.0
Necromancy     | 2 8 10 | 10.0
Fighting       | 6 11 12 13 | 13.7
Dodging        | 7 8 |  8.2
Armour         | 8 |  8.6
Transmutations | 2 6 |  6.0
Earth Magic    | 2 6 |  6.0
Throwing       | |  1.7

Action                   |  1- 3 |  4- 6 |  7- 9 | 10-12 | 13-15 || total
-------------------------+-------+-------+-------+-------+-------++-------
Melee: Flail             |   107 |       |       |       |       ||   107
       Punch             |     1 |       |     3 |     3 |     6 ||    13
       Mace              |    21 |   152 |   209 |   482 |   652 ||  1516
       Whip              |       |       |       |       |    12 ||    12
Throw: Dart              |       |       |     3 |       |     1 ||     4
       Javelin           |       |       |     2 |       |       ||     2
       Throwing net      |       |       |     1 |       |     1 ||     2
Invok: Lunge             |       |       |     6 |    59 |    53 ||   118
       Whirlwind         |       |       |       |   137 |   256 ||   393
       Serpent's Lash    |       |       |       |     2 |     7 ||     9
       Heavenly Storm    |       |       |       |       |     1 ||     1
 Abil: Wall Jump         |       |       |       |       |     2 ||     2
Evoke: Wand              |       |       |       |     1 |     2 ||     3
       Condenser vane    |       |       |       |       |     1 ||     1
  Use: Scroll            |       |     2 |     7 |    20 |    11 ||    40
       Potion            |       |       |       |     3 |     5 ||     8
Armor: Leather armour    |    50 |    20 |       |       |       ||    70
       Scale mail        |       |    37 |    18 |       |       ||    55
       Steam dragon scal |       |       |     2 |       |       ||     2
       Swamp dragon scal |       |       |    41 |   160 |   206 ||   407
Dodge: Dodged            |   100 |    71 |   100 |   211 |   370 ||   852

Table legend: (Time is in decaauts)
 A = Elapsed time spent in this place.
 B = Non-inter-level travel time spent in this place.
 C = Inter-level travel time spent in this place.
 D = Time resting spent in this place.
 E = Time spent auto-exploring this place.
 F = Levels seen in this place.
 G = Mean time per level.
                   A        B        C        D        E       F      G
               +--------+--------+--------+--------+--------+-----+--------+
         Total |  20490 |  19765 |    725 |   1104 |  13165 |  24 |  853.8 |
       Dungeon |  12529 |  12077 |    452 |    516 |   8385 |  14 |  894.9 |
        Temple |     37 |     37 |      0 |      0 |      0 |   1 |   37.0 |
          Lair |   6139 |   5866 |    273 |    130 |   4519 |   5 | 1227.8 |
       Ossuary |    745 |    745 |      0 |    125 |    226 |   1 |  745.0 |
        Bailey |    300 |    300 |      0 |      3 |     34 |   1 |  300.0 |
      Ice Cave |    367 |    367 |      0 |    239 |      0 |   1 |  367.0 |
      Gauntlet |    370 |    370 |      0 |     90 |      0 |   1 |  370.0 |
               +--------+--------+--------+--------+--------+-----+--------+

Top non-repeatable levels by time:
     D:8: 1495 daAuts
  Lair:5: 1479 daAuts
  Lair:4: 1418 daAuts
     D:1: 1191 daAuts
  Lair:2: 1128 daAuts
    D:13: 1105 daAuts
  Lair:1: 1070 daAuts
  Lair:3: 1041 daAuts
     D:4: 973 daAuts
     D:2: 948 daAuts
     D:7: 926 daAuts
     D:9: 926 daAuts
     D:6: 863 daAuts
    D:10: 836 daAuts
    D:12: 825 daAuts
